 Dungeon Crawl Stone Soup version 0.18-a0-1078-gebb93d0 (webtiles) character file.

78445 4thArraOfDagon the Brawler (level 15, -2/150 HPs)
             Began as a Troll Earth Elementalist on Jan 14, 2016.
             Was an Elder of Cheibriados.
             Shot with an arrow by a naga sharpshooter (20 damage)
             ... led by Vashnia
             ... on level 4 of the Snake Pit.
             The game lasted 00:56:58 (8667 turns).

4thArraOfDagon the Brawler (TrEE)                   Turns: 8667, Time: 00:56:58

Health: -2/150     AC:  8    Str: 36    XL:     15   Next: 18%
Magic:  9/21       EV: 18    Int: 26    God:    Cheibriados [****..]
Gold:   860        SH: 23    Dex: 21    Spells: 2 memorised, 11 levels left

rFire  . . .     SeeInvis .       - Unarmed
rCold  . . .     Gourm    +     a - +0 robe
rNeg   . . .     Faith    .     n - +2 large shield {rPois}
rPois  +         Spirit   .     I - +1 hat
rElec  .         Dismiss  .     B - +0 cloak
rCorr  .         Reflect  +     (gloves unavailable)
SustAt .         Harm     .     (boots unavailable)
MR     +....                    C - +2 amulet of reflection
Stlth  +++.......               Q - +3 ring of strength
                                M - +2 ring of evasion

@: very slow, somewhat resistant to hostile enchantments, fairly stealthy
A: unfitting armour, claws 3, rugged brown scales 1, thin skeletal structure 1,
camouflage 1, fast metabolism 3, gourmand, mutation resistance 1, regeneration
2, shaggy fur 1, strong 1, tough skin 2
a: Bend Time, Temporal Distortion, Slouch, Renounce Religion


You were on level 4 of the Snake Pit.
You worshipped Cheibriados.
Cheibriados was greatly pleased with you.
You were very full.

You visited 4 branches of the dungeon, and saw 28 of its levels.
You also visited: Ossuary and Ice Cave.

You collected 1214 gold pieces.
You spent 354 gold pieces at shops.

Inventory:

Hand Weapons
 p - a +0 blowgun
 F - a +0 giant spiked club
 J - a +1 scimitar of flaming
Missiles
 j - 4 exploding tomahawks
 q - 11 poisoned needles
 H - 10 large rocks (quivered)
 V - a throwing net
Armour
 a - a +0 robe (worn)
 n - a +2 large shield of poison resistance (worn)
 B - a +0 cloak (worn)
 I - a +1 hat (worn)
Rods
 y - a +3 lightning rod (11/11)
   (You found it on level 8 of the Lair of Beasts)
Jewellery
 c - an uncursed ring of fire
 C - a +2 amulet of reflection (around neck)
 M - a +2 ring of evasion (left claw)
 Q - a +3 ring of strength (right claw)
Wands
 L - a wand of fire (5/15)
Scrolls
 e - 3 scrolls of fear {unknown}
 f - 7 scrolls of noise
 g - 4 scrolls of enchant weapon
 i - 2 scrolls of enchant armour
 l - 7 scrolls of recharging
 r - 2 scrolls of random uselessness
 v - 4 scrolls of teleportation
 P - 8 scrolls of identify
 R - a scroll of fog
 X - a scroll of torment
Potions
 h - 2 potions of brilliance
 m - 4 potions of curing
 o - a potion of heal wounds
 t - a potion of haste
 w - a potion of lignification
 x - 3 potions of cure mutation
 A - a potion of flight
 D - a potion of magic
 E - 2 potions of might
 K - a potion of poison {unknown}
 T - a potion of ambrosia
 U - a potion of berserk rage
Books
 k - a book of the Sky

   Spells                             Type                      Level
   a - Summon Lightning Spire         Summoning/Air                4
   b - Airstrike                      Air                          4
   c - Silence                        Hexes/Air                    5
   d - Deflect Missiles               Charms/Air                   6
   e - Conjure Ball Lightning         Conjuration/Air              6
   f - Tornado                        Air                          9
 O - a book of the Dragon

   Spells                             Type                      Level
   a - Flame Tongue                   Conjuration/Fire             1
   b - Cause Fear                     Hexes                        4
   c - Bolt of Fire                   Conjuration/Fire             6
   d - Dragon Form                    Transmutation                7
   e - Dragon's Call                  Summoning                    9
Miscellaneous
 G - a plain deck of wonders {drawn: 1}
 N - a piece from Xom's chessboard
 S - a sack of spiders
 W - a stone of tremors
Comestibles
 b - 10 meat rations
 d - 9 bread rations
 s - 4 beef jerkies
 u - 15 fruits
 z - 2 slices of pizza


   Skills:
 + Level 9.3 Fighting
 + Level 9.9 Dodging
 - Level 1.1 Stealth
 * Level 7.0 Shields
 * Level 16.3 Unarmed Combat
 - Level 1.2 Spellcasting
 - Level 0.6 Transmutations
 - Level 2.6 Earth Magic
 + Level 10.3 Invocations
 + Level 3.1 Evocations


You had 11 spell levels left.
You knew the following spells:

 Your Spells              Type           Power        Failure   Level  Hunger
b - Stoneskin             Trmt/Erth      ##......     61%         2    ###....
c - Passwall              Trmt/Erth      ##........   92%         3    ###....


Dungeon Overview and Level Annotations

Branches:
Dungeon (15/15)            Temple (1/1) D:6            Lair (8/8) D:8
  Snake (4/4) Lair:6        Slime (0/6) Lair:6       Vaults (0/5) D:13
  Swamp: Lair:3-6    Shoals: Lair:3-6       Orc: D:9-12      Depths: D:15

Altars:
Ashenzari
Cheibriados
Elyvilon
Gozag
Kikubaaqudgha
Okawaru
Pakellas
Qazlal
Yredelemnul
The Shining One

Shops:
D:4 [   D:6 *(   D:7 !   D:8 [   Snake:3 (

Annotations:
D:5 Menkaure
D:8 LAIR
D:13 Norris
D:14 Maud
Lair:8 Nessos
Snake:3 Vashnia


Innate Abilities, Weirdness & Mutations

You are too large for most types of armour.
You have claws for hands.
Your metabolism is lightning-fast.
You like to eat raw meat.
You heal very quickly.
You are covered in fur (AC +1).
You have very tough skin (AC +2).
You are partially covered in rugged brown scales (AC +1, +3% HP).
You have a somewhat thin skeletal structure (Dex +2, Stealth).
Your skin changes colour to match your surroundings (Stealth).
You are somewhat resistant to further mutation.
Your muscles are strong. (Str +2)


Message History

You climb downwards.
You feel sick.
The naga sharpshooter mumbles some strange words.
The naga sharpshooter magically shoots an arrow.
The arrow hits you but does no damage.
The naga sharpshooter spits poison at you.
The splash of poison reflects off an invisible shield around you!
The splash of poison misses the naga sharpshooter.
The naga sharpshooter spits poison at you.
The splash of poison misses you.
There is a stone staircase leading up, spattered with blood here.
You see here 6 arrows.
Unknown command.
Drink which item? (? for menu, Esc to quit)
You feel better.
The naga sharpshooter shoots an arrow of frost.
You reflect the arrow of frost off an invisible shield around you!
The arrow of frost hits the naga sharpshooter!!
The arrow of frost freezes the naga sharpshooter.
The naga sharpshooter shoots an arrow.
The arrow hits you!!
You die...

.$.....^((....#....#
..........(...#N...#
#...<.#(..N#(...#
##...###..(#....#
.#....(##...#...#
#......(#(..#...#
##......([N(#...#
#........†.....#
#........#@.####
##.......#(..#
##...........#
#.......(.###
#......#### ########


You could see 2 naga sharpshooters.

Vanquished Creatures
  2 greater nagas (Snake:3)
  The ghost of yogakurto the Blocker, a journeyman VSFi of Qazlal (D:15)
  A naga warrior (Snake:3)
  A hydra (Lair:8)
  Erica (D:10)
  A death knight (D:11)
  6 anacondas
  2 centaur warriors
  5 death yaks (Lair:8)
  A tengu warrior (D:14)
  2 shock serpents
  2 naga sharpshooters (Snake:3)
  3 skeletal warriors (D:14)
  2 wizards (D:12)
  A naga ritualist (Snake:1)
  4 hill giants
  Pikel (D:9)
  An orc knight (D:12)
  A necromancer (IceCv)
  6 mana vipers
  2 cyclopes
  4 deep elf magi
  5 ugly things
  3 griffons
  3 salamanders
  3 elephants (Lair:7)
  13 black mambas
  A guardian serpent (Snake:3)
  6 naga magi
  13 spiny frogs
  A gargoyle (D:11)
  2 ice statues (IceCv)
  An efreet (D:12)
  6 komodo dragons
  2 fire drakes
  4 ice devils (IceCv)
  A giant leech (Lair:8)
  2 trolls
  2 polar bears (Lair:8)
  6 slime creatures
  20 blink frogs
  A boulder beetle (Lair:7)
  A spriggan (D:7)
  3 wraiths
  A shadow (D:11)
  16 humans
  A wyvern (D:10)
  41 yaks
  Grum (D:9)
  A fire elemental (D:12)
  3 basilisks
  6 hippogriffs
  9 vampire mosquitoes
  A steam dragon (D:10)
  16 wolves
  A mottled dragon (D:13)
  8 nagas
  8 water moccasins
  A soldier ant (D:13)
  5 porcupines
  4 orc warriors
  3 sky beasts
  4 ice beasts
  A black bear (D:6)
  A phantom (D:7)
  3 wasps
  4 ogres
  5 centaurs
  7 crocodiles
  3 big kobolds
  29 giant frogs
  A gnoll sergeant (D:8)
  2 wyvern skeletons
  A water moccasin skeleton (D:7)
  3 scorpions
  7 wights
  2 electric eels (Lair:8)
  2 crimson imps (D:6)
  3 draconian simulacra (IceCv)
  A quasit (D:7)
  3 centaur zombies
  3 centaur skeletons
  3 hounds
  10 orc wizards
  3 orc priests
  8 jellies
  2 iguanas
  2 troll simulacra (IceCv)
  7 worker ants
  6 hell rats (Lair:4)
  13 sheep
  A killer bee zombie (D:6)
  A centaur simulacrum (IceCv)
  A hound zombie (D:7)
  A hound skeleton (D:10)
  10 gnolls
  A naga simulacrum (IceCv)
  3 ogre simulacra (IceCv)
  8 adders
  40 river rats
  2 shadow imps
  12 white imps (Lair:5)
  An adder zombie (Ossuary)
  A worm (D:3)
  3 giant geckos
  49 orcs
  4 bats (D:1)
  2 giant cockroaches
  12 goblins (D:4)
  9 hobgoblins
  5 jackals
  26 kobolds
  3 quokkas
  2 ball python skeletons (Ossuary)
  A giant newt (D:4)
  2 hobgoblin skeletons (Ossuary)
  A hobgoblin zombie (Ossuary)
  3 orc skeletons (Ossuary)
  A quokka zombie (D:6)
  A fungus (Lair:8)
  A plant (Lair:7)
621 creatures vanquished.

Vanquished Creatures (others)
  4 slaves
  A jelly (D:9)
  An orc wizard (D:12)
  A quokka (D:14)
  2 fungi
  10 plants
19 creatures vanquished.

Grand Total: 640 creatures vanquished

Notes
Turn   | Place    | Note
--------------------------------------------------------------
     0 | D:1      | 4thArraOfDagon the Troll Earth Elementalist began the quest for the Orb.
     0 | D:1      | Reached XP level 1. HP: 16/16 MP: 1/1
    57 | D:1      | Reached skill level 1 in Unarmed Combat
    80 | D:1      | Reached XP level 2. HP: 24/24 MP: 2/2
   156 | D:4      | Noticed a giant frog
   167 | D:4      | Killed a giant frog
   167 | D:4      | Reached skill level 4 in Unarmed Combat
   167 | D:4      | Reached XP level 3. HP: 5/31 MP: 1/3
   167 | D:4      | Reached XP level 4. HP: 6/39 MP: 1/4
   221 | D:4      | Learned a level 2 spell: Stoneskin
   261 | D:4      | Found Nauguvex's Armour Emporium.
   323 | D:4      | Reached XP level 5. HP: 16/45 MP: 5/5
   359 | D:5      | Entered Level 5 of the Dungeon
   461 | D:5      | Noticed Menkaure
   551 | D:4      | Reached skill level 5 in Unarmed Combat
   769 | D:6      | Reached skill level 6 in Unarmed Combat
   769 | D:6      | Reached XP level 6. HP: 47/53 MP: 6/6
   806 | D:6      | Found a staircase to the Ecumenical Temple.
   815 | Temple   | Entered the Ecumenical Temple
   823 | Temple   | Became a worshipper of Cheibriados the Contemplative
   992 | D:4      | Reached * piety under Cheibriados
  1023 | D:4      | Learned a level 3 spell: Passwall
  1169 | D:5      | Reached skill level 1 in Invocations
  1169 | D:5      | Reached XP level 7. HP: 18/61 MP: 4/7
  1171 | D:5      | Found a basalt altar of Yredelemnul.
  1211 | D:5      | Reached skill level 7 in Unarmed Combat
  1262 | D:6      | Reached skill level 1 in Fighting
  1297 | D:6      | Found Gakhlo's Weapon Shop.
  1321 | D:6      | Reached ** piety under Cheibriados
  1383 | D:6      | Found Mareir's Elemental Accessories.
  1595 | D:7      | Found a sand-covered staircase.
  1599 | Ossuary  | Entered an ossuary
  1682 | Ossuary  | Noticed a wraith
  1682 | Ossuary  | Noticed a flying skull
  1703 | Ossuary  | Noticed a flying skull
  1714 | Ossuary  | Reached XP level 8. HP: 67/72 MP: 8/8
  1724 | Ossuary  | Noticed a flying skull
  1746 | Ossuary  | Noticed a flying skull
  1758 | Ossuary  | Reached skill level 8 in Unarmed Combat
  1909 | D:7      | Reached *** piety under Cheibriados
  2161 | D:7      | Reached skill level 9 in Unarmed Combat
  2182 | D:7      | Reached XP level 9. HP: 63/83 MP: 7/10
  2186 | D:7      | Gained mutation: Your muscles are strong. (Str +2) [mutagenic meat]
  2187 | D:7      | Gained mutation: You have a somewhat thin skeletal structure (Dex +2, Stealth). [mutagenic meat]
  2188 | D:7      | Gained mutation: You are partially covered in rugged brown scales (AC +1, +3% HP). [mutagenic meat]
  2189 | D:7      | Gained mutation: Your skin changes colour to match your surroundings (Stealth). [mutagenic meat]
  2190 | D:7      | Gained mutation: You are somewhat resistant to further mutation. [mutagenic meat]
  2208 | D:7      | Found Diuwowni's Distillery.
  2225 | D:7      | Bought a potion of magic for 112 gold pieces
  2225 | D:7      | Bought a potion of might for 56 gold pieces
  2225 | D:7      | Bought a potion of heal wounds for 70 gold pieces
  2339 | D:8      | Reached **** piety under Cheibriados
  2356 | D:8      | Found an oddly glowing altar of Pakellas.
  2408 | D:8      | Found Seibbieta's Antique Armour Shop.
  2537 | D:9      | Found an ancient bone altar of Kikubaaqudgha.
  2553 | D:9      | Noticed Pikel
  2554 | D:9      | Drew Focus: Str increased to 19, Dex decreased to 9
  2571 | D:9      | Killed Pikel
  2571 | D:9      | Reached skill level 10 in Unarmed Combat
  2582 | D:9      | Noticed Grum
  2638 | D:9      | Killed Grum
  2687 | D:9      | Reached ***** piety under Cheibriados
  2702 | D:10     | Entered Level 10 of the Dungeon
  2736 | D:8      | Reached skill level 5 in Invocations
  2741 | D:8      | Reached XP level 10. HP: 96/96 MP: 12/12
  2745 | D:8      | Reached skill level 5 in Dodging
  2839 | D:8      | Bought a glowing hat for 116 gold pieces
  2905 | D:10     | Noticed Erica
  2917 | D:10     | Killed Erica
  2945 | D:10     | Noticed a hill giant
  2951 | D:10     | Killed a hill giant
  2951 | D:10     | Reached skill level 5 in Fighting
  2951 | D:10     | Reached skill level 11 in Unarmed Combat
  3050 | D:10     | Noticed a hill giant
  3064 | D:10     | Killed a hill giant
  3381 | D:11     | Noticed a cyan ugly thing
  3392 | D:11     | Reached XP level 11. HP: 98/107 MP: 14/14
  3396 | D:11     | Killed a cyan ugly thing
  3442 | D:11     | Noticed a red ugly thing
  3478 | D:11     | Killed a red ugly thing
  3478 | D:11     | Reached skill level 12 in Unarmed Combat
  3485 | D:11     | Noticed a death knight
  3501 | D:11     | Killed a death knight
  3592 | D:12     | Noticed a green ugly thing
  3599 | D:12     | Killed a green ugly thing
  3617 | D:13     | Found a gate to the Vaults.
  3617 | D:13     | Noticed a hill giant
  3617 | D:13     | Noticed a centaur warrior
  3617 | D:13     | Noticed an orc knight
  3617 | D:13     | Noticed Norris
  3619 | D:13     | Killed a centaur warrior
  3627 | D:12     | Killed a hill giant
  3633 | D:12     | Killed an orc knight
  3832 | D:12     | Reached skill level 13 in Unarmed Combat
  3900 | D:12     | Noticed a deep elf mage
  3914 | D:12     | Killed a deep elf mage
  3963 | D:12     | Noticed a deep elf mage
  3971 | D:12     | Killed a deep elf mage
  3971 | D:12     | Reached XP level 12. HP: 67/118 MP: 16/16
  4145 | D:12     | Identified Vehumet's Almanac of Confrontation and Weightlessness (You found it on level 12 of the Dungeon)
  4478 | D:14     | Noticed a centaur warrior
  4486 | D:14     | Killed a centaur warrior
  4499 | D:15     | Entered Level 15 of the Dungeon
  4509 | D:15     | Noticed yogakurto's ghost (journeyman VSFi)
  4566 | D:14     | Noticed a tengu warrior
  4577 | D:14     | Killed a tengu warrior
  4665 | D:15     | Reached skill level 14 in Unarmed Combat
  4819 | D:15     | http://crawl.xtahua.com/crawl/morgue/yogakurto/morgue-yogakurto-20160114-154248.txt
  4828 | D:15     | Killed yogakurto's ghost
  5081 | D:14     | Reached XP level 13. HP: 49/130 MP: 18/18
  5107 | D:14     | Noticed Maud
  5184 | D:11     | Identified a scroll of acquirement
  5440 | D:8      | Found a staircase to the Lair.
  5449 | Lair:1   | Entered Level 1 of the Lair of Beasts
  5593 | Lair:3   | Reached skill level 1 in Shields
  5753 | Lair:4   | umm
  6014 | Lair:5   | Found a frozen archway.
  6027 | Lair:5   | Reached ****** piety under Cheibriados
  6049 | IceCv    | Entered an ice cave
  6355 | IceCv    | Reached skill level 15 in Unarmed Combat
  6514 | Lair:6   | Found a staircase to the Slime Pits.
  6671 | Lair:6   | Found a staircase to the Snake Pit.
  6920 | Lair:8   | Entered Level 8 of the Lair of Beasts
  6972 | Lair:8   | Reached XP level 14. HP: 47/141 MP: 5/20
  6977 | Lair:8   | Reached skill level 5 in Shields
  7179 | Lair:8   | Reached skill level 1 in Evocations
  7570 | Lair:8   | Noticed Nessos
  7735 | Lair:6   | no statue form
  7735 | Lair:6   | lets die
  7752 | Snake:1  | Entered Level 1 of the Snake Pit
  8143 | Snake:3  | Reached skill level 16 in Unarmed Combat
  8168 | Snake:3  | Reached skill level 10 in Invocations
  8289 | Snake:3  | Found an ancient bone altar of Kikubaaqudgha.
  8341 | Snake:3  | Noticed a greater naga
  8359 | Snake:3  | Killed a greater naga
  8417 | Snake:3  | Reached XP level 15. HP: 41/150 MP: 13/21
  8443 | Snake:3  | Noticed a greater naga
  8452 | Snake:3  | Killed a greater naga
  8522 | Snake:4  | Entered Level 4 of the Snake Pit
  8534 | Snake:4  | Noticed Vashnia
  8597 | Snake:3  | Found Isel's Antique Weapon Boutique.
  8667 | Snake:4  | Shot with an arrow by a naga sharpshooter

Vault maps used:
D:1:      lemuel_arrival_lava_pool
D:2:      kennysheep_the_goblin_king, fedhas_altar_3, serial_curves,
          eino_curves_03, eino_curves_02
D:3:      nicolae_ru_awakened_eye, xom_butterflies, first_bread,
          serial_bayou_pond_c
D:4:      corexii_shantytown, zin_academy, serial_shops, nicolae_shop_trees
D:5:      yredelemnul_altar_generic, uniq_menkaure, uniq_blork_the_orc
D:6:      nicolae_overflow_crystal_walls, minmay_temple_entry_grid,
          serial_shops, shop, st_stairs_3, nicolae_elemental_shop
D:7:      enter_ossuary_5, serial_shops, nicolae_shop_statue_plus, the_bakery,
          item_on_display_a
D:8:      johnstein_pakellas_death_squad, david_lair_shrubbed, serial_shops,
          nicolae_shop_crystal
D:9:      kiku_gazebo_garden_becter, uniq_pikel, uniq_grum
D:10:     hex_tiny, uniq_erica
D:11:     orc_0_dummy
D:12:     cheibrodos_lost_city_excavation, serial_shops,
          nicolae_shop_window_shopping, kennysheep_generic_room_9
D:13:     david_vaults_3
D:14:     elyvilon_altar_4, uniq_maud
D:15:     grunt_enter_depths_magical_seal, serial_shops, nicolae_shop_trees,
          nicolae_shop_stone
Temple:   circular_temple_12
Lair:1:   special_room, grunt_megastairs_2, lemuel_fruit_tree
Lair:2:   uniq_gastronok
Lair:3:   minmay_lair_oklob_chamber, serial_bayou_shore_b, grunt_megastairs_3
Lair:4:   beast_lair_carwin_9
Lair:5:   portal_ice_cave_entry_imps, serial_bayou_shore_a, lemuel_fruit_fields
Lair:6:   shoals_dummy_entry, dummy_snake_entry, minmay_slime_entry_pillars
Lair:8:   minmay_lair_end_frog_pond, uniq_nessos
Snake:1:  st_stairs_4, serial_bayou_pond_c
Snake:3:  basic_altar, serial_shops, shop_fountains, basic_stair_grate_trap
Snake:4:  grunt_snake_rune_pools, uniq_vashnia, uniq_kirke, uniq_aizul
Ossuary:  ossuary_due_cavern
IceCv:    ice_cave_tombish

Action                   |  1- 3 |  4- 6 |  7- 9 | 10-12 | 13-15 || total
-------------------------+-------+-------+-------+-------+-------++-------
Melee: Unarmed           |    33 |   212 |   310 |   389 |   789 ||  1733
Throw: Throwing net      |       |       |     1 |     3 |     1 ||     5
       Large rock        |       |       |       |     9 |    30 ||    39
 Cast: Stoneskin         |       |     3 |     2 |     1 |       ||     6
Invok: Temporal Distorti |       |       |     1 |       |    10 ||    11
       Bend Time         |       |       |     1 |       |       ||     1
       Slouch            |       |       |       |     7 |    17 ||    24
Evoke: Wand              |       |       |     1 |       |       ||     1
       Deck              |       |       |     1 |       |       ||     1
  Use: Scroll            |       |     3 |     1 |    10 |    12 ||    26
       Potion            |       |       |     2 |     1 |     4 ||     7
 Stab: Sleeping          |       |     2 |     7 |    10 |    12 ||    31
       Distracted        |       |       |     1 |     3 |     1 ||     5
       Held in net/web   |       |       |       |     3 |     1 ||     4
  Eat: Chunk             |     3 |     7 |    21 |    16 |    31 ||    78
